 Dungeon Crawl Stone Soup version 0.31-b1-12-gca42e3d1b8 (webtiles) character file.

Game seed: 3398192848363617901

3 groovy9 the Magician (level 1, -1/10 HPs)
             Began as a Kobold Hedge Wizard on Jan 14, 2024.
             Frozen to death by an endoplasm (5 damage)
             ... on level 1 of the Dungeon.
             The game lasted 00:01:56 (217 turns).

groovy9 the Magician (Kobold Hedge Wizard)           Turns: 217, Time: 00:01:57

Health: -1/10      AC:  2    Str:  7    XL:     1   Next: 55%
Magic:  3/4        EV: 14    Int: 15    God:
Gold:   56         SH:  0    Dex: 14    Spells: 5/6 levels left

rFire   . . .        a - +0 dagger
rCold   . . .        (no shield)
rNeg    . . .        b - +0 robe
rPois   .            c - +0 hat
rElec   .            (no cloak)
rCorr   .            (no gloves)
SInv    .            (no boots)
Will    .....        (no amulet)
Stlth   +++          (no ring)
HPRegen 0.21/turn    (no ring)
MPRegen 0.09/turn

%: no passive effects
@: no status effects
A: small, no large weapons, nightstalker 3
a: no special abilities


You were on level 1 of the Dungeon.
You visited 1 branch of the dungeon, and saw 1 of its levels.

You collected 56 gold pieces.

Inventory:

Hand Weapons
 a - a +0 dagger (weapon)
Armour
 b - a +0 robe (worn)
 c - a +0 hat (worn)
Scrolls
 f - 2 scrolls of identify {unknown}
Potions
 d - a potion of magic
 e - a potion of might {unknown}


   Skills:
 + Level 2.4 Dodging
 + Level 2.8 Stealth
 + Level 3.3 Spellcasting
 + Level 1.1 Conjurations
 + Level 1.0 Summonings
 + Level 1.0 Translocations


You had 5 spell levels left.
You knew the following spells:

 Your Spells              Type           Power      Damage    Failure   Level
a - Magic Dart            Conj           20%        1d4       12%         1

Your spell library contained the following spells:

 Spells                   Type           Power      Damage    Failure   Level
 Blink                    Tloc           10%        N/A       19%         2
 Call Imp                 Summ           10%        N/A       19%         2
 Slow                     Hex            8%         N/A       21%         1
 Cigotuvi's Dreadful Rot  Necr/Alch/Air  4%         N/A       30%         2
 Mephitic Cloud           Conj/Alch/Air  3%         N/A       45%         3


Dungeon Overview and Level Annotations

Branches:
Dungeon (1/15)

Altars:


Innate Abilities, Weirdness & Mutations

You are small and have problems with some larger weapons.
You are completely attuned to the shadows.


Message History

Aim: a goblin, wielding a +0 club (asleep, 100% to hit)
You miscast Magic Dart.
You are very lightly contaminated with residual magic.
Nothing appears to happen.
Casting: Magic Dart (safe; 13% risk of failure)
Confirm with . or Enter, or press ? or * to list all spells.
Aiming: Magic Dart (safe; 13% risk of failure)
Press: ? - help, Shift-Dir - straight line, f/p - goblin
Aim: a goblin, wielding a +0 club (asleep, 100% to hit)
The magic dart hits the goblin.
The goblin is severely wounded.
Casting: Magic Dart (safe; 13% risk of failure)
Confirm with . or Enter, or press ? or * to list all spells.
Aiming: Magic Dart (safe; 13% risk of failure)
Press: ? - help, Shift-Dir - straight line, f/p - goblin
Aim: a goblin, wielding a +0 club (severely wounded, 100% to hit)
The magic dart hits the goblin.
You kill the goblin!
f - 2 scrolls labelled LIEVEA XAHOUS (gained 1)
Your magical contamination has completely faded away.
You now have 56 gold pieces (gained 19).
An endoplasm comes into view.
Casting: Magic Dart (safe; 12% risk of failure)
Confirm with . or Enter, or press ? or * to list all spells.
Aiming: Magic Dart (safe; 12% risk of failure)
Press: ? - help, Shift-Dir - straight line, f - endoplasm
Aim: an endoplasm (asleep, 100% to hit)
The magic dart hits the endoplasm but does no damage.
The endoplasm quivers.
You hit the endoplasm but do no damage. The endoplasm hits you.
You hit the endoplasm but do no damage. The endoplasm hits you.
You hit the endoplasm.
The endoplasm is moderately wounded.
The endoplasm hits you but does no damage.
You hit the endoplasm.
The endoplasm is heavily wounded.
The endoplasm freezes you.
You are frozen.
Ouch! That really hurt!
You die...

###..## #.#.#...##...##....
##.^#####..###.....#.##.###
##...#...## ###.#.#.##.###
##....### #..#.#.##....
#...## #..##.#.######
#...### #.# #.#....###
###...####.. ####...#
###..#...# ###.# ##.@.# #..
##J## ### ..# .### #.


You could see an endoplasm.

Vanquished Creatures
  A goblin (D:1)
  A quokka (D:1)
  A rat (D:1)
3 creatures vanquished.

Notes
Turn   | Place    | Note
-------+----------+-------------------------------------------
     0 | D:1      | groovy9 the Kobold Hedge Wizard began the quest for the
                  | Orb.
     0 | D:1      | Reached XP level 1. HP: 10/10 MP: 4/4
   217 | D:1      | Frozen to death by an endoplasm

Illustrated notes

Levels and vault maps discovered:
D:1:      dpeg_arrival_arbitrary_b, layout_basic, basic_ecumenical_altar,
          minmay_tromino_v2

Action                     || total
---------------------------++-------
  Melee: Dagger            ||    19
   Cast: Magic Dart        ||     6
 Armour: Robe              ||    10
  Dodge: Dodged            ||     8
